 Dungeon Crawl Stone Soup version 0.31.0-32-g396128a36d (webtiles) character file.

Game seed: 15216771913282713723

212 H0rd4k the Insei (level 5, -2/35 HPs)
             Began as an Octopode Artificer on Apr 19, 2024.
             Slain by a phantom (6 damage)
             ... on level 4 of the Dungeon.
             The game lasted 00:01:49 (2484 turns).

H0rd4k the Insei (Octopode Artificer)               Turns: 2484, Time: 00:01:50

Health: -2/35      AC:  1    Str: 11    XL:     5   Next: 90%
Magic:  5/5        EV: 13    Int: 16    God:
Gold:   147        SH:  5    Dex: 12    Spells: 4/4 levels left

rFire   . .          .
                       - Unarmed
rCold   . . .        (no shield)
rNeg    . . .        (helmet restricted)
rPois   .            m - amulet of reflection
rElec   .            (no ring)
rCorr   .            (no ring)
SInv    .            (no ring)
Will    .....        (no ring)
Stlth   +++          (no ring)
HPRegen 0.25/turn    (no ring)
MPRegen 0.09/turn    (no ring)
                     (no ring)

%: reflection
@: no status effects
A: almost no armour, amphibious, 8 rings, camouflage 1, gelatinous body 1,
(nimble swimmer 1), tentacles
a: no special abilities


You were on level 4 of the Dungeon.
You visited 1 branch of the dungeon, and saw 4 of its levels.

You collected 147 gold pieces.

Inventory:

Missiles
 n - 4 poisoned darts
Magical Staves
 o - a staff of alchemy
Jewellery
 m - an amulet of reflection (around mantle)
Wands
 b - a wand of flame (10) (quivered)
 c - a wand of charming (10)
 d - a wand of iceblast (5)
 q - a wand of polymorph (12)
Scrolls
 a - a scroll of fear {unknown}
 f - a scroll of identify {unknown}
 g - 5 scrolls of teleportation {unknown}
 h - a scroll of enchant weapon {unknown}
 i - a scroll of summoning {unknown}
 j - 2 scrolls of brand weapon {unknown}
 l - a scroll of fog {unknown}
 p - a scroll of vulnerability {unknown}
 r - a scroll of noise {unknown}
Potions
 e - 2 potions of curing {unknown}
 k - 2 potions of mutation {unknown}


   Skills:
 + Level 2.3 Fighting
 - Level 2.3 Dodging
 - Level 1.3 Stealth
 + Level 0.2 Shields
 + Level 4.9 Unarmed Combat
 - Level 3.2 Evocations


You had 4 spell levels left.
You didn't know any spells.
Your spell library contained the following spells:

 Spells                   Type           Power      Damage    Failure   Level
 Hailstorm                Conj/Ice       0%         3d5       58%         3
 Summon Ice Beast         Ice/Summ       0%         N/A       58%         3
 Sculpt Simulacrum        Ice/Alch       0%         N/A       100%        6


Dungeon Overview and Level Annotations

Branches:
Dungeon (4/15)
 Temple: D:4-7

Altars:
Nemelex Xobeh

Shops:
D:1 !   D:4 [


Innate Abilities, Weirdness & Mutations

You cannot wear most types of armour.
You are amphibious.
You can wear up to eight rings at the same time.
Your skin changes colour to match your surroundings (Stealth+).
Your rubbery body absorbs attacks. (AC +1, EV +1)
((You are camouflaged when in or above water. (Stealth+)))
You have tentacles for arms and can constrict up to eight enemies at once.


Message History

The puff of flame misses the phantom.
The phantom hits you.
The phantom blinks!
You blink.
You are too injured to fight recklessly!
You are too injured to fight recklessly!
Aiming: Throw Flame
Press: ? - help, Q - select action, (/) - cycle Shift-Dir - straight line, f/p - phantom
Aim: a phantom (moderately damaged, 60% to hit)
The puff of flame misses the phantom.
The phantom hits you.
* * * LOW HITPOINT WARNING * * *
The phantom blinks!
You blink.
Aiming: Throw Flame
Press: ? - help, Q - select action, (/) - cycle Shift-Dir - straight line, f/p - phantom
Aim: a phantom (moderately damaged, 60% to hit)
The puff of flame hits the phantom.
The phantom is moderately damaged.
The phantom barely misses you.
Aiming: Throw Flame
Press: ? - help, Q - select action, (/) - cycle Shift-Dir - straight line, f/p - phantom
Aim: a phantom (moderately damaged, 60% to hit)
The puff of flame misses the phantom.
The phantom hits you.
* * * LOW HITPOINT WARNING * * *
Aiming: Charm
Press: ? - help, Shift-Dir - straight line, f/p - phantom
Aim: a phantom (moderately damaged, chance to affect: 39%)
The phantom resists with some effort.
The phantom hits you.
* * * LOW HITPOINT WARNING * * *
The phantom blinks!
You blink.
Unknown command.
Aiming: Charm
Press: ? - help, Shift-Dir - straight line, f/p - phantom
Aim: a phantom (moderately damaged, chance to affect: 39%)
The phantom resists with some effort.
The phantom closely misses you.
Unknown command.
Aiming: Charm
Press: ? - help, Shift-Dir - straight line, f/p - phantom
Aim: a phantom (moderately damaged, chance to affect: 39%)
The phantom resists with some effort.
The phantom hits you.
You die...

..# #....... #.#
###.######
#.########.....#
#.......##.....####
#.#####............
.#####.#
####.........
.......##
#......#'# #...W.#
###.#..#∩# ####@#
#>#..### #.#
#....... #.#
#####... #.#
############.# #§#
#............. #.#
#.#####....... #.#
#.# #.###.##
#.###.# #.# #.#
#.....# #.# #.#


You could see a phantom.

Vanquished Creatures
  A scorpion (D:4)
  An orc wizard (D:2)
  6 adders
  6 orcs
  3 ball pythons
  10 endoplasms
  A giant cockroach (D:1)
  4 goblins
  6 kobolds
  A quokka (D:1)
  7 bats
  4 frilled lizards
  6 rats
56 creatures vanquished.

Vanquished Creatures (collateral kills)
  An orc wizard (D:2)
  A dart slug (D:2)
  An orc (D:2)
3 creatures vanquished.

Grand Total: 59 creatures vanquished

Notes
Turn   | Place    | Note
-------+----------+-------------------------------------------
     0 | D:1      | H0rd4k the Octopode Artificer began the quest for the Orb.
     0 | D:1      | Reached XP level 1. HP: 13/13 MP: 1/1
    38 | D:1      | Found Haarah's Distillery.
   173 | D:1      | Reached skill level 1 in Unarmed Combat
   173 | D:1      | Reached XP level 2. HP: 17/18 MP: 2/2
   593 | D:2      | Found a sparkling altar of Nemelex Xobeh.
   631 | D:2      | Reached skill level 2 in Unarmed Combat
   631 | D:2      | Reached XP level 3. HP: 22/24 MP: 3/3
   736 | D:2      | Found a faded altar of an unknown god.
  1075 | D:2      | Reached skill level 3 in Unarmed Combat
  1075 | D:2      | Reached XP level 4. HP: 25/29 MP: 4/4
  1391 | D:3      | Reached XP level 5. HP: 33/34 MP: 5/5
  1395 | D:3      | Reached skill level 4 in Unarmed Combat
  2449 | D:4      | Found Asajuro's Antique Armour Emporium.
  2473 | D:4      | Noticed a phantom
  2484 | D:4      | Slain by a phantom

Illustrated notes

Levels and vault maps discovered:
D:1:      dpeg_arrival_long_road, layout_basic, serial_shops,
          nicolae_shop_tiny_waterfront, dreamdust_princess_corridor
D:2:      layout_loops_cross, ebering_ecumenical_altar_sacrificial, basic_altar
D:3:      layout_basic, minmay_ruptured
D:4:      layout_loops_ring, nicolae_dithmenos_through_a_glass_darkly,
          minmay_temple_entry_glass, serial_shops, kennysheep_mini_moat,
          amcnicky_mini_pool_small, guppyfry_early_lair_pool

Skill      XL: |  1  2  3  4  5 |
---------------+----------------+-----
Unarmed Combat | 1 2 3 4 |  4.9
Fighting       | 2 |  2.3
Dodging        | |  2.3
Stealth        | |  1.3
Shields        | |  0.2
Evocations     | |  3.2

Action                     |  1- 3 |  4- 6 || total
---------------------------+-------+-------++-------
  Melee: Unarmed           |    72 |    65 ||   137
         Tentacles         |    16 |    13 ||    29
         Constrict         |    15 |    13 ||    28
         Punch             |     2 |     2 ||     4
  Evoke: Wand              |     2 |     8 ||    10
   Stab: Sleeping          |     9 |     9 ||    18
 Armour: Skin              |    25 |    24 ||    49
  Dodge: Dodged            |    44 |    29 ||    73
  Block: Other             |       |    10 ||    10
